 Dungeon Crawl Stone Soup version 0.21-a0-513-gdcb3f5eb25 (webtiles) character file.

138 Kaname the Conjurer (level 5, 33/35 HPs)
             Began as a Demonspawn Wizard on Dec 2, 2017.
             Quit the game on level 4 of the Dungeon.
             The game lasted 00:07:49 (3189 turns).

Kaname the Conjurer (Demonspawn Wizard)             Turns: 3189, Time: 00:07:50

Health: 33/35      AC:  2    Str:  7    XL:     5   Next: 1%
Magic:  6/9        EV: 12    Int: 20    God:
Gold:   160        SH:  4    Dex: 12    Spells: 1/10 levels left

rFire    + . .     SeeInvis .   f - +1 spear
rCold    x . .     Gourm    .   (no shield)
rNeg     . . .     Faith    .   a - +0 robe
rPois    .         Spirit   +   b - +0 hat
rElec    .         Reflect  .   (no cloak)
rCorr    .         Harm     .   (no gloves)
MR       .....                  (no boots)
Stlth    +++.......             (no amulet)
HPRegen  0.11/turn              j - ring of stealth
MPRegen  0.11/turn              u - ring of fire

@: no status effects
A: large bone plates 1, powered by death 1, magic shield
a: no special abilities


You were on level 4 of the Dungeon.
You were very hungry.

You visited 1 branch of the dungeon, and saw 4 of its levels.

You collected 160 gold pieces.

Inventory:

Hand Weapons
 f - a +1 spear (weapon)
Armour
 a - a +0 robe (worn)
 b - a +0 hat (worn)
Jewellery
 j - a ring of stealth (left hand)
 u - a ring of fire (right hand)
Scrolls
 c - 2 scrolls of enchant weapon
 h - a scroll of fear {unknown}
 k - 2 scrolls of remove curse
 l - 2 scrolls of teleportation
 q - a scroll of identify
 s - a scroll of immolation {unknown}
 t - a scroll of amnesia {unknown}
Potions
 e - 4 potions of lignification {unknown}
 g - 2 potions of curing {unknown}
 i - a potion of haste {unknown}
 m - a potion of ambrosia {unknown}
 o - a potion of agility {unknown}
 p - a potion of berserk rage {unknown}
 r - 2 potions of heal wounds
 w - a potion of brilliance {unknown}
Comestibles
 d - 4 bread rations
 n - 3 fruits


   Skills:
 - Level 1.7 Dodging
 - Level 1.7 Stealth
 + Level 3.1 Spellcasting
 - Level 4.0 Conjurations
   Level 1.0 Summonings
 - Level 1.0 Translocations
 - Level 1.1 Fire Magic
 - Level 1.0 Air Magic
 - Level 1.0 Poison Magic


You had one spell level left.
You knew the following spells:

 Your Spells              Type           Power        Failure   Level  Hunger
a - Magic Dart            Conj           ###.         2%          1    None
b - Blink                 Tloc           N/A          14%         2    ##.....
c - Mephitic Cloud        Conj/Pois/Air  ##......     19%         3    ###....
d - Conjure Flame         Conj/Fire      ###.....     14%         3    ###....


Dungeon Overview and Level Annotations

Branches:
Dungeon (4/15)
 Temple: D:4-7

Altars:
Makhleb
Yredelemnul


Innate Abilities, Weirdness & Mutations

You are partially covered in large bone plates. (SH +4)
You regenerate a little health from kills.
When hurt, damage is shared between your health and your magic reserves.


Message History

The adder skeleton is heavily damaged.
Casting: Magic Dart
Confirm with . or Enter, or press ? or * to list all spells.
Aiming: Magic Dart
Press: ? - help, Shift-Dir - straight line, f/p - adder skeleton
Aim: an adder skeleton (heavily damaged)
The magic dart hits the adder skeleton.
The adder skeleton is severely damaged.
You hit the adder skeleton.
The adder skeleton is almost destroyed.
The adder skeleton barely misses you.
You barely miss the adder skeleton.
The adder skeleton is almost destroyed.
The adder skeleton bites you.
You hit the adder skeleton.
You destroy the adder skeleton!
You have reached level 5!
Your demonic ancestry asserts itself...
Large bone plates grow over parts of your arms.
Are you sure you want to abandon this character and quit the game? (Confirm with "yes".)

... .. ..
##.#### #
.....#.# .
#......###
!...##.........
⌠......@.......
............###
.P####.........
.......###
........#
#####....#
..... #..###


There were no monsters in sight!

Vanquished Creatures
  3 adders
  3 oozes
  An adder skeleton (D:4)
  A worm (D:3)
  3 dart slugs
  4 leopard geckos
  An orc (D:3)
  7 bats
  3 giant cockroaches
  6 goblins
  14 hobgoblins
  5 jackals
  3 quokkas
  A ball python (D:1)
  4 frilled lizards
  11 kobolds
  11 rats
  A spectral orc (D:2)
82 creatures vanquished.

Notes
Turn   | Place    | Note
-------+----------+-------------------------------------------
     0 | D:1      | Kaname the Demonspawn Wizard began the quest for the Orb.
     0 | D:1      | Reached XP level 1. HP: 13/13 MP: 4/4
   364 | D:1      | Reached skill level 2 in Conjurations
   403 | D:1      | Gained mutation: When hurt, damage is shared between your health and your magic reserves. [demonic ancestry]
   403 | D:1      | Reached XP level 2. HP: 19/19 MP: 6/6
   407 | D:1      | Learned a level 2 spell: Blink
   854 | D:1      | Reached skill level 3 in Conjurations
   928 | D:1      | Reached XP level 3. HP: 14/24 MP: 1/7
   995 | D:1      | Reached skill level 1 in Translocations
  1000 | D:1      | Learned a level 3 spell: Mephitic Cloud
  1384 | D:2      | Reached skill level 1 in Air Magic
  1724 | D:2      | Reached skill level 1 in Poison Magic
  1933 | D:2      | Found a basalt altar of Yredelemnul.
  1976 | D:2      | Gained mutation: You regenerate a little health from kills. [demonic ancestry]
  1976 | D:2      | Reached XP level 4. HP: 30/30 MP: 6/8
  1981 | D:2      | Learned a level 3 spell: Conjure Flame
  2002 | D:2      | Found a burning altar of Makhleb.
  2540 | D:3      | Reached skill level 4 in Conjurations
  2749 | D:3      | Reached skill level 1 in Fire Magic
  3188 | D:4      | Gained mutation: You are partially covered in large bone plates. (SH +4) [demonic ancestry]
  3188 | D:4      | Reached XP level 5. HP: 33/35 MP: 6/9
  3189 | D:4      | Quit the game

Vault maps used:
D:1:      evilmike_arrival_rings, hangedman_decor_riveting
D:2:      yredelemnul_forgotten_temple_becter, lemuel_coloured_pillars_altar,
          first_bread, due_unseen_surprise
D:3:      kennysheep_big_flooded_room
D:4:      kennysheep_little_box, kennysheep_mini, lemuel_crystal_altar,
          nicolae_temple_entry_ecumenical, nicolae_ossuary_entry_monument,
          uniq_crazy_yiuf_cottage, uniq_blork_the_orc, uniq_grinder

Skill      XL: |  1  2  3  4 |
---------------+-------------+-----
Conjurations   | 2 3 4 |  4.0
Translocations | 1 |  1.0
Air Magic      | 1 |  1.0
Poison Magic   | 1 |  1.0
Fire Magic     | 1 |  1.1
Dodging        | |  1.7
Stealth        | |  1.7
Spellcasting   | |  3.1
Summonings     | |  1.0

Action                   |  1- 3 |  4- 6 || total
-------------------------+-------+-------++-------
Melee: Spear             |    63 |    64 ||   127
 Cast: Magic Dart        |    96 |    61 ||   157
  Use: Scroll            |       |     3 ||     3
 Stab: Sleeping          |     4 |     2 ||     6
  Eat: Chunk             |     3 |     3 ||     6
Armor: Robe              |     9 |    17 ||    26
Dodge: Dodged            |    45 |    35 ||    80

Table legend:
 A = Spawn XP
 B = Non-spawn XP
 C = Spawn XP percentage of total XP
 D = Spawn monster count
 E = Non-spawn monster count
 F = Spawn count percentage of total count
 G = Total turns spent on level
                    A         B        C        D         E        F      G
               +---------+---------+-------+---------+---------+-------+---------
         Total |       0 |     198 |   0.0 |       0 |      82 |   0.0 |  3189
               +---------+---------+-------+---------+---------+-------+---------
           D:1 |       0 |      52 |   0.0 |       0 |      29 |   0.0 |  1291
           D:2 |       0 |      54 |   0.0 |       0 |      24 |   0.0 |   926
           D:3 |       0 |      87 |   0.0 |       0 |      28 |   0.0 |   966
           D:4 |       0 |       5 |   0.0 |       0 |       1 |   0.0 |     6
               +---------+---------+-------+---------+---------+-------+---------
